[Event "Early-Titled-Tuesday-Blitz-September-26-2023"]
[Site "Chess.com"]
[Date "2023.09.26"]
[Round "6"]
[White "Kostukov_Alex"]
[Black "draksbg"]
[Result "0-1"]
[WhiteElo "2384"]
[BlackElo "2647"]
[TimeControl "180+1"]
[EndTime "9:06:44 PDT"]
[Termination "draksbg won by resignation"]

1. g3 g6 2. Bg2 Bg7 3. Nf3 c6 4. c4 d5 5. cxd5 cxd5 6. d4 Nf6 7. O-O O-O 8. Nc3 Nc6 9. Ne5 Bd7 10. Bf4 e6 11.
Rc1 Rc8 12. Nxc6 Bxc6 13. Qb3 Ne8 14. Rfd1 Nd6 15. g4 Qd7 16. e3 Rfd8 17. Qa3 Nc4 18. Qb3 b5 19. a3 a5 20. h3 Bf8 21. Bg5 Re8 22. Bf6 b4 23. axb4 axb4 24. Ne2 Ba4 25. Qa2 Bxd1 26. Rxd1 Ra8 27. Qb1 b3 28. Nc3 Bb4 29. Ne2 Ra2 30. Qd3 Rxb2 31.
Rc1 Rxe2 32. Qxb3 Rb2 33. Qd3 Be7 0-1

[Event "Early-Titled-Tuesday-Blitz-September-26-2023"]
[Site "Chess.com"]
[Date "2023.09.26"]
[Round "6"]
[White "stepanosinovsky"]
[Black "Gabix_94"]
[Result "0-1"]
[WhiteElo "2366"]
[BlackElo "2714"]
[TimeControl "180+1"]
[EndTime "9:06:46 PDT"]
[Termination "Gabix_94 won on time"]

1. Nf3 Nf6 2. g3 g6 3. Bg2 Bg7 4. O-O O-O 5. d3 Nc6 6. e4 d5 7. Nbd2 e5 8. Re1 Re8 9. a4 a5 10. b3 h6 11. Bb2 d4 12. Nc4 Nd7 13. Qd2 Nc5 14. h3 b6 15. Nh2 Be6 16. Rf1 Qd7 17.
h4 Rad8 18. Rae1 Kh7 19. Ba3 Na6 20. Bc1 Nab4 21. Kh1 f5 22. exf5 Bxf5 23. Re2 Nd5 24. Ree1 Nc3 25. Kg1 e4 26. dxe4 Nxe4 27. Qf4 Nc3 28. h5 g5 29. Bxc6 gxf4 30. Bxd7 Bxd7 31. Rxe8 Rxe8 32. Bxf4 Ne2+ 33. Kg2 Nxf4+ 34. gxf4 Re2 35. Rc1 Bf5 0-1

[Event "Early-Titled-Tuesday-Blitz-September-26-2023"]
[Site "Chess.com"]
[Date "2023.09.26"]
[Round "6"]
[White "Darko-Dimitrijevic"]
[Black "YouShallNotPass001"]
[Result "0-1"]
[WhiteElo "2076"]
[BlackElo "2326"]
[TimeControl "180+1"]
[EndTime "9:06:49 PDT"]
[Termination "YouShallNotPass001 won by checkmate"]

1. c4 Nf6 2. b3 e6 3. Bb2 d5 4. d3 Be7 5. g3 O-O 6. Bg2 c5 7. Nf3 Nc6 8. O-O d4 9. a3 e5 10.
Nfd2 a5 11. Ne4 Nd7 12. g4 a4 13. Nbd2 Nb6 14. h3 axb3 15. Qxb3 Na4 16. Nf3 Ra7 17. Bc1 b6 18. Bd2 f5 19. gxf5 Bxf5 20. Ng3 Bd7 21. Rab1 Qc8 22. Kh2 Bd6 23. Ne4 Bc7 24.
Bg5 Kh8 25. Bh4 Qe8 26. Bg3 Qh5 27. Qc2 Ne7 28. Qd2 h6 29. e3 Nf5 30. exd4 Nxg3 31.
fxg3 exd4 32. Ne1 Rxf1 33. Bxf1 Ra8 34. Qe2 Qg6 35. Bg2 Rf8 36. Nf3 Nc3 37. Nxc3 Qxg3+ 38. Kh1 dxc3 39. Qf1 Rxf3 40. Qxf3 Qh2# 0-1

[Event "Early-Titled-Tuesday-Blitz-September-26-2023"]
[Site "Chess.com"]
[Date "2023.09.26"]
[Round "6"]
[White "Balla_Tamas"]
[Black "KononenkoD"]
[Result "0-1"]
[WhiteElo "2417"]
[BlackElo "2596"]
[TimeControl "180+1"]
[EndTime "9:06:50 PDT"]
[Termination "KononenkoD won by resignation"]

1. e4 d5 2. exd5 Qxd5 3. Nc3 Qa5 4. d4 Nf6 5. Bc4 Bg4 6. Nf3 Nc6 7. O-O O-O-O 8. Be3 e5 9. Be2 exd4 10. Nxd4 Bxe2 11.
Ncxe2 Nxd4 12. Bxd4 c5 13. Bc3 Qa6 14. Qe1 Re8 15.
Bxf6 gxf6 16. Qc3 Rxe2 17. Rfe1 Rxe1+ 18. Rxe1 Bd6 19. Kh1 Be5 20. Qxc5+ Kb8 21. c3 Qc6 22.
Qa5 Rg8 23. f3 Qc7 24. h3 Qxa5 0-1

[Event "Early-Titled-Tuesday-Blitz-September-26-2023"]
[Site "Chess.com"]
[Date "2023.09.26"]
[Round "6"]
[White "Flopezin"]
[Black "maurovargas01"]
[Result "1-0"]
[WhiteElo "2315"]
[BlackElo "1897"]
[TimeControl "180+1"]
[EndTime "9:06:50 PDT"]
[Termination "Flopezin won on time"]

1. e4 c6 2. Nf3 d5 3. d3 dxe4 4. dxe4 Qc7 5. Bc4 e5 6. Be3 Nf6 7. Nc3 Bb4 8. Nd2 O-O 9. O-O Rd8 10. Qe2 Nbd7 11. Bxf7+ Kh8 12. a3 Bxc3 13. bxc3 Nf8 14. Bb3 Qe7 15. Nf3 Nxe4 16. Qc4 1-0

[Event "Early-Titled-Tuesday-Blitz-September-26-2023"]
[Site "Chess.com"]
[Date "2023.09.26"]
[Round "6"]
[White "Hasangatin_Ramil"]
[Black "Shuvalov"]
[Result "1-0"]
[WhiteElo "2704"]
[BlackElo "2471"]
[TimeControl "180+1"]
[EndTime "9:06:51 PDT"]
[Termination "Hasangatin_Ramil won on time"]

1. e4 e6 2. d3 d5 3. Qe2 Nf6 4. Nf3 c5 5. g3 Be7 6. Bg2 O-O 7. O-O Nc6 8. e5 Ne8 9. c4 Nc7 10. Re1 Rb8 11. Nbd2 b5 12. b3 bxc4 13. dxc4 Ba6 14. h4 h6 15. Nf1 Qd7 16. h5 Rfd8 17. Bf4 Na5 18. Rad1 Qe8 19. Ne3 dxc4 20. bxc4 Nd5 21. Nxd5 exd5 22. e6 Rb7 23. exf7+ Qxf7 24. Ne5 Qe6 25.
Bxd5 Rxd5 26. Rxd5 Qxd5 27. cxd5 Bxe2 28. Rxe2 c4 29. Ng6 Kf7 30. Bd2 Bb4 31. d6 c3 32.
Ne5+ Kf6 33. d7 1-0

[Event "Early-Titled-Tuesday-Blitz-September-26-2023"]
[Site "Chess.com"]
[Date "2023.09.26"]
[Round "6"]
[White "TatjanaVasilevich"]
[Black "Korchmar_Vasiliy"]
[Result "1-0"]
[WhiteElo "2565"]
[BlackElo "2687"]
[TimeControl "180+1"]
[EndTime "9:06:52 PDT"]
[Termination "TatjanaVasilevich won on time"]

1. Nf3 d5 2. e3 Nf6 3. b3 e6 4. Bb2 Bd6 5. d4 O-O 6. Bd3 c5 7. dxc5 Bxc5 8. O-O Nc6 9. Qe2 Qe7 10. c4 Nb4 11. cxd5 exd5 12. a3 Nxd3 13. Qxd3 Bg4 14. Nd4 Rad8 15. b4 Bb6 16. Nd2 Qe5 17. h3 Bc8 18. N4f3 Qh5 19. Rac1 Bf5 20. Qb3 Ne4 21.
Nxe4 Bxe4 22. Nd4 Rd6 23. f3 Bg6 24. Nb5 Re6 25. Bd4 Qg5 26. f4 Qg3 27. Rf3 Qh4 28. f5 Bh5 29. Rf4 Qg3 30. fxe6 1-0

[Event "Early-Titled-Tuesday-Blitz-September-26-2023"]
[Site "Chess.com"]
[Date "2023.09.26"]
[Round "6"]
[White "Martial2008"]
[Black "TigranHH"]
[Result "1-0"]
[WhiteElo "2614"]
[BlackElo "2252"]
[TimeControl "180+1"]
[EndTime "9:06:53 PDT"]
[Termination "Martial2008 won by resignation"]

1. d4 Nf6 2. Nf3 e6 3. Bg5 c5 4.
e3 Be7 5. Nbd2 b6 6. Bd3 Bb7 7. c3 d6 8. Qe2 Nbd7 9. Rc1 O-O 10. h4 Re8 11. e4 cxd4 12. cxd4 e5 13. O-O h6 14. Bxf6 Nxf6 15. d5 Nd7 16. Bb5 Rf8 17. b4 a5 18. a3 axb4 19. axb4 f5 20. Bc6 Ra7 21. Qb5 Nf6 22. exf5 Ng4 23. Rc4 h5 24.
Ne4 Rxf5 25. Ng3 Bc8 26. Nxf5 Bxf5 27. Rcc1 Bf6 28. Ra1 Rxa1 29. Rxa1 Qe7 30. Qxb6 e4 31.
Ra7 Kh7 32. Rxe7 1-0

[Event "Early-Titled-Tuesday-Blitz-September-26-2023"]
[Site "Chess.com"]
[Date "2023.09.26"]
[Round "6"]
[White "HrvojeZagreb"]
[Black "ATM622"]
[Result "0-1"]
[WhiteElo "2281"]
[BlackElo "2415"]
[TimeControl "180+1"]
[EndTime "9:06:56 PDT"]
[Termination "ATM622 won by resignation"]

1. f4 d5 2. Nf3 Nf6 3. e3 g6 4. b3 Bg7 5. Bb2 O-O 6. d3 c5 7. Nbd2 Nc6 8. Be2 Ng4 9. Bxg7 Nxe3 10.
Qc1 Kxg7 11. Kf2 d4 12. Ne4 e5 13. fxe5 Ng4+ 14. Kg1 Ncxe5 15. h3 Nxf3+ 16. Bxf3 Ne3 17. c3 Qe7 18. cxd4 cxd4 19. Qb2 Rd8 20. Re1 Nf5 21. g4 Nh4 22. Kf2 Nxf3 23. Kxf3 f5 24. gxf5 Bxf5 25. h4 h5 26. Kg3 Qe5+ 27. Kg2 Qf4 28. Ng3 Re8 29.
Ref1 Qg4 30. Rf2 Bxd3 31. Re1 Rxe1 0-1

[Event "Early-Titled-Tuesday-Blitz-September-26-2023"]
[Site "Chess.com"]
[Date "2023.09.26"]
[Round "6"]
[White "CalinGheorghiu"]
[Black "Wizard_97"]
[Result "1-0"]
[WhiteElo "2380"]
[BlackElo "2540"]
[TimeControl "180+1"]
[EndTime "9:06:57 PDT"]
[Termination "CalinGheorghiu won by checkmate"]

1. e4 c5 2. Nf3 d6 3. d4 cxd4 4. Qxd4 a6 5. c4 Nc6 6. Qd1 g6 7. Nc3 Nf6 8. Be2 Bg7 9. h3 O-O 10. O-O Nd7 11. Be3 Nde5 12. Nd2 f5 13. f4 Nf7 14.
Bf3 fxe4 15. Ndxe4 Be6 16. Nd5 Rc8 17. Qd2 b5 18. cxb5 axb5 19. Rac1 Re8 20. Rfd1 Kf8 21. g4 Qa5 22. Qxa5 Nxa5 23. Nc7 Rxc7 24. Rxc7 Bxb2 25. Rb1 Bg7 26. Rxb5 Ra8 27. Ra7 Rxa7 28. Rb8+ Nd8 29. Rxd8+ Kf7 30. Ng5+ Kf6 31. Bd4# 1-0

[Event "Early-Titled-Tuesday-Blitz-September-26-2023"]
[Site "Chess.com"]
[Date "2023.09.26"]
[Round "6"]
[White "xxysoul6"]
[Black "vovachesss"]
[Result "1-0"]
[WhiteElo "3019"]
[BlackElo "2742"]
[TimeControl "180+1"]
[EndTime "9:07:04 PDT"]
[Termination "xxysoul6 won on time"]

1. e4 e5 2. Nf3 d5 3. Nxe5 Bd6 4.
d4 dxe4 5. Nc3 Bxe5 6. dxe5 Qxd1+ 7. Nxd1 Nc6 8. Nc3 Nd4 9. Bb5+ Bd7 10. Bxd7+ Kxd7 11. O-O Nxc2 12. Rb1 Re8 13. Bf4 Kc8 14. Nxe4 Nd4 15.
Rfe1 Ne7 16. Rbd1 Nec6 17. Bg3 Nf5 18. f4 Nxg3 19. hxg3 h6 20. Kf2 Rd8 21. g4 Nb4 22. Kf3 Nxa2 23. Ra1 Nb4 24. Rxa7 Kb8 25. Ra4 Rd4 26.
Rea1 Rd3+ 27. Ke2 1-0

[Event "Early-Titled-Tuesday-Blitz-September-26-2023"]
[Site "Chess.com"]
[Date "2023.09.26"]
[Round "6"]
[White "karinachess1"]
[Black "chezzgirl04"]
[Result "1-0"]
[WhiteElo "2611"]
[BlackElo "2187"]
[TimeControl "180+1"]
[EndTime "9:07:04 PDT"]
[Termination "karinachess1 won by checkmate"]

1. d4 d5 2. c4 e6 3. Nc3 Nf6 4. cxd5 Nxd5 5. e4 Nxc3 6. bxc3 c5 7. Nf3 cxd4 8. cxd4 Bb4+ 9. Bd2 Bxd2+ 10. Qxd2 O-O 11. Be2 Nc6 12. h4 b6 13. h5 h6 14. Rd1 Bb7 15. Rh3 Qe7 16. Rg3 Kh8 17. Kf1 Rfd8 18. Qf4 Nb4 19.
Qg4 Rg8 20. Ne5 Rac8 21. Rf3 Rcf8 22. Rxf7 Rxf7 23. Ng6+ Kh7 24. Nxe7 Rxe7 25. a3 Nc6 26. Qg6+ Kh8 27. e5 Rd8 28. Bd3 Kg8 29. Qh7+ Kf7 30. Bg6+ Kf8 31. Qh8# 1-0

[Event "Early-Titled-Tuesday-Blitz-September-26-2023"]
[Site "Chess.com"]
[Date "2023.09.26"]
[Round "6"]
[White "Smile2005"]
[Black "kidagent"]
[Result "0-1"]
[WhiteElo "2406"]
[BlackElo "2250"]
[TimeControl "180+1"]
[EndTime "9:07:04 PDT"]
[Termination "kidagent won by checkmate"]

1. e4 c6 2. Nf3 d5 3. d3 dxe4 4.
dxe4 Qxd1+ 5. Kxd1 Bg4 6. Be2 Nd7 7. Be3 b6 8. Nfd2 Bxe2+ 9. Kxe2 O-O-O 10. a4 e6 11. Nc4 Bc5 12. Nc3 f6 13. Rhd1 Kc7 14.
a5 Bxe3 15. Kxe3 b5 16. Nd6 Nh6 17. f3 Ne5 18. Ndxb5+ cxb5 19. Nxb5+ Kb8 20. b3 Nhf7 21. Nd4 Rhe8 22. h3 g5 23. g3 a6 24. f4 gxf4+ 25. gxf4 Rxd4 26. fxe5 Rxd1 27. Rxd1 Nxe5 28. Rd6 Kb7 29. c4 Nc6 30. Rd7+ Kb8 31. Rxh7 Nxa5 32. Rh6 Rf8 33. e5 f5 34. Rxe6 Nxb3 35.
Rb6+ Kc7 36. Rxb3 Rh8 37. Kf4 Rh4+ 38. Kxf5 Rxc4 39. e6 Kd6 40. Rb6+ Ke7 41. Rb7+ Kf8 42. Ra7 Rh4 43. Rxa6 Rxh3 44. Ra5 Rh5+ 45. Kf6 Rxa5 46.
e7+ Ke8 47. Ke6 Ra7 48. Kf6 Rxe7 49. Kg6 Rf7 50. Kh6 Kf8 51. Kh5 Kg7 52. Kh4 Kg6 53.
Kh3 Kg5 54. Kg2 Kg4 55. Kh2 Rf3 56. Kh1 Kg3 57. Kg1 Rf4 58. Kh1 Rf1# 0-1

[Event "Early-Titled-Tuesday-Blitz-September-26-2023"]
[Site "Chess.com"]
[Date "2023.09.26"]
[Round "6"]
[White "GMaka"]
[Black "angryspacevoid"]
[Result "1-0"]
[WhiteElo "2440"]
[BlackElo "2507"]
[TimeControl "180+1"]
[EndTime "9:07:05 PDT"]
[Termination "GMaka won by resignation"]

1. Nf3 c5 2. e4 Nc6 3. Bb5 g6 4.
O-O Bg7 5. c3 Nf6 6. Re1 O-O 7.
e5 Nd5 8. d4 cxd4 9. cxd4 d6 10. Nc3 Nxc3 11. bxc3 dxe5 12. Bxc6 bxc6 13. Nxe5 c5 14.
Nc6 Qd6 15. Nxe7+ Kh8 16. Nxc8 Raxc8 17. Ba3 Qf6 18. Bxc5 Rfe8 19. Qa4 Re6 20. Rxe6 Qxe6 21. Qxa7 Re8 22. g3 h5 23. Qb7 Qf5 24. a4 Re2 25. Rf1 h4 26. a5 Re4 27. a6 Kh7 28. a7 Re2 29. a8=Q Qc2 30. Qf3 h3 31. Qxf7 Kh6 32. Bf8 1-0

[Event "Early-Titled-Tuesday-Blitz-September-26-2023"]
[Site "Chess.com"]
[Date "2023.09.26"]
[Round "6"]
[White "wqws"]
[Black "kuanysh1981"]
[Result "1-0"]
[WhiteElo "2664"]
[BlackElo "2511"]
[TimeControl "180+1"]
[EndTime "9:07:07 PDT"]
[Termination "wqws won by resignation"]

1. e4 e5 2. Nf3 d6 3. d4 exd4 4. Nxd4 Nf6 5. Nc3 Be7 6. Bc4 O-O 7. O-O a6 8. a4 Nxe4 9. Nxe4 d5 10.
Bd3 dxe4 11. Bxe4 Bf6 12. Be3 Re8 13. Bf3 Nd7 14. c3 Ne5 15. Be2 c5 16. Nf3 Qc7 17. Qd5 Ng4 18. Bd3 Nxe3 19. fxe3 Rxe3 20. Rae1 Rxe1 21. Rxe1 Be6 22. Rxe6 fxe6 23. Qxe6+ Qf7 24. Qe4 Qh5 25. Qxb7 Rd8 26. Qxa6 Kh8 27. Bf1 h6 28. a5 c4 29. Qb6 Rd2 30. Nxd2 Qd1 31. Nxc4 Bd8 32.
Qd6 1-0

[Event "Early-Titled-Tuesday-Blitz-September-26-2023"]
[Site "Chess.com"]
[Date "2023.09.26"]
[Round "6"]
[White "Oleksandr_Bortnyk"]
[Black "Rutricks"]
[Result "1-0"]
[WhiteElo "3025"]
[BlackElo "2694"]
[TimeControl "180+1"]
[EndTime "9:07:08 PDT"]
[Termination "Oleksandr_Bortnyk won by resignation"]

1. e4 e5 2. Bc4 Nf6 3. d3 c6 4. Nf3 Be7 5. O-O d5 6. Bb3 Bg4 7. Nc3 O-O 8. h3 Bxf3 9. Qxf3 d4 10. Ne2 a5 11. a3 a4 12. Ba2 Qb6 13. Ng3 g6 14.
Bh6 Re8 15. Nf5 Nbd7 16. g4 Bf8 17. Bxf8 Rxf8 18. Nh6+ Kg7 19. Nxf7 Ne8 20. Qg3 Rxf7 21. Bxf7 Kxf7 22. f4 Kg7 23. g5 Qc5 24. f5 Qxc2 25. f6+ Kf7 26. Rf2 Qb3 27. Qh4 h5 28. gxh6 Nexf6 29. Raf1 Qe6 30. Rg2 Rh8 31. Qg5 Nf8 32. Rxf6+ Qxf6 33. Rf2 Qxf2+ 34. Kxf2 Nd7 35. Ke2 Rh7 36. h4 Nf6 37.
Qxe5 Rxh6 38. Qc7+ Kg8 39. Qd8+ Kf7 40. Qc7+ Ke6 41. Qxb7 Rxh4 42. Qxc6+ Kf7 43. e5 Nh5 44. Qd7+ 1-0

[Event "Early-Titled-Tuesday-Blitz-September-26-2023"]
[Site "Chess.com"]
[Date "2023.09.26"]
[Round "6"]
[White "Darius321"]
[Black "GG91"]
[Result "0-1"]
[WhiteElo "2337"]
[BlackElo "2327"]
[TimeControl "180+1"]
[EndTime "9:07:08 PDT"]
[Termination "GG91 won by resignation"]

1. e4 d6 2. d4 Nf6 3. Nc3 g6 4. f4 Bg7 5. Nf3 O-O 6. Bd3 Nbd7 7. O-O c6 8. e5 Nd5 9. Ne4 c5 10.
c3 cxd4 11. cxd4 N7b6 12. Qe1 Bf5 13. Nf2 Bxd3 14. Nxd3 dxe5 15. fxe5 Nc7 16. Nc5 Nb5 17. Be3 Nc4 18. Bf2 b6 19. b3 bxc5 20. bxc4 Nxd4 21. Nxd4 cxd4 22. Rd1 Qc7 23. Rxd4 Bxe5 24. Rh4 Rad8 25. Qe3 Bf6 26. Rh3 Bg7 27. Qxa7 Qxa7 28. Bxa7 Ra8 29.
Ra3 Rxa7 30. Rxa7 Bd4+ 0-1

[Event "Early-Titled-Tuesday-Blitz-September-26-2023"]
[Site "Chess.com"]
[Date "2023.09.26"]
[Round "6"]
[White "jup1978"]
[Black "m_ezat"]
[Result "1-0"]
[WhiteElo "2427"]
[BlackElo "2512"]
[TimeControl "180+1"]
[EndTime "9:07:10 PDT"]
[Termination "jup1978 won on time"]

1. Nf3 Nf6 2. g3 g6 3. Bg2 Bg7 4. O-O O-O 5. c4 d6 6. Nc3 e5 7.
d3 Nc6 8. Rb1 Bg4 9. b4 Qd7 10.
a4 Bh3 11. b5 Ne7 12. Ba3 Bxg2 13. Kxg2 Nf5 14. Nd5 Nxd5 15. cxd5 h5 16. h4 Rae8 17. e4 Nd4 18. Nxd4 exd4 19. Qc2 f5 20. f3 f4 21. Bc1 fxg3 22. Bg5 Be5 23. f4 Bg7 24. Qe2 Rf7 25. Qf3 Ref8 26. Qxg3 Kh7 27. Rf2 c6 28. dxc6 bxc6 29. Qh3 c5 30. Qxd7 Rxd7 31. Rc1 Rc8 32. Re2 d5 33. e5 c4 34. e6 Rd6 35.
e7 Re8 36. dxc4 1-0

[Event "Early-Titled-Tuesday-Blitz-September-26-2023"]
[Site "Chess.com"]
[Date "2023.09.26"]
[Round "6"]
[White "amelia91"]
[Black "WindWhistler11"]
[Result "0-1"]
[WhiteElo "2148"]
[BlackElo "2469"]
[TimeControl "180+1"]
[EndTime "9:07:13 PDT"]
[Termination "WindWhistler11 won by resignation"]

1. d4 Nf6 2. Bf4 e6 3. e3 c5 4. Nf3 cxd4 5. exd4 b6 6. Bd3 Bb7 7. Nbd2 d6 8. O-O Nbd7 9. Re1 Be7 10. c3 Nd5 11.
Bg3 h5 12. h4 N7f6 13. Qe2 Qc7 14. Bb5+ Kf8 15. Ng5 Rh6 16. Bd3 Ng4 17. Rad1 Kg8 18. a3 Qd8 19. Ngf3 Rf6 20. Ne4 Rf5 21. Neg5 Nf4 22.
Bxf4 Rxf4 23. Bh7+ Kh8 24. Qd2 Rxf3 25. gxf3 Bxg5 26.
hxg5 Bxf3 27. Be4 Bxd1 28. Bxa8 Qxa8 29. Rxd1 Qf3 30. Rf1 h4 31. g6 h3 0-1

[Event "Early-Titled-Tuesday-Blitz-September-26-2023"]
[Site "Chess.com"]
[Date "2023.09.26"]
[Round "6"]
[White "campochess"]
[Black "Nasrin_Babayeva"]
[Result "0-1"]
[WhiteElo "2182"]
[BlackElo "1809"]
[TimeControl "180+1"]
[EndTime "9:07:14 PDT"]
[Termination "Nasrin_Babayeva won by resignation"]

1. e4 d5 2. exd5 Qxd5 3. Nc3 Qa5 4. d4 Nf6 5. Nf3 Bf5 6. Ne5 c6 7. Bc4 e6 8. Bb3 Nbd7 9. Bf4 Bb4 10. Nc4 Bxc3+ 11.
bxc3 Qxc3+ 12. Kf1 O-O 13. Nd6 b5 14. Nxf5 exf5 15. Rb1 Ne4 16. h4 a5 17. Rh3 Qb4 18. c3 Nxc3 19. Qe1 Nxb1 20. Qxb1 Qxd4 21. Be3 Qe4 22. Bc2 Qc4+ 23. Bd3 Qb4 24. Bxf5 Qxb1+ 25. Bxb1 Ne5 26. Bc5 Rfe8 27. Rc3 Rad8 28. Bc2 b4 29. Re3 Nc4 30. Rg3 Nd2+ 31. Kg1 Re1+ 32. Kh2 Nf1+ 33. Kh3 Nxg3 34. Kxg3 Re2 35. Bb3 Rd3+ 36. Kf4 Rc2 37.
Bxc2 Rc3 38. Bxh7+ Kxh7 39. Bb6 Ra3 40. f3 Rxa2 41.
g4 b3 42. Bd4 b2 43. Bxb2 Rxb2 0-1

[Event "Early-Titled-Tuesday-Blitz-September-26-2023"]
[Site "Chess.com"]
[Date "2023.09.26"]
[Round "6"]
[White "AleksandraMilovic"]
[Black "Botvinnak"]
[Result "0-1"]
[WhiteElo "2040"]
[BlackElo "2309"]
[TimeControl "180+1"]
[EndTime "9:07:14 PDT"]
[Termination "Botvinnak won by resignation"]

1. e4 c5 2. Nf3 Nc6 3. c4 g6 4.
d4 cxd4 5. Nxd4 Bg7 6. Be3 Nf6 7. f3 O-O 8. Nc3 Ne8 9. Rc1 Nc7 10. Be2 b6 11.
O-O Bb7 12. Qd2 Na6 13. a3 Rc8 14. b4 Ne5 15. Ncb5 Ra8 16. f4 Nc6 17. Nc3 Nc7 18. Nb3 Ne6 19. f5 Nc7 20. Bh6 Ne5 21. Bxg7 Kxg7 22. Nd5 d6 23. f6+ exf6 24. Nxf6 Ne6 25. Nd5 a5 26. Nd4 axb4 27. axb4 Nxd4 28. Qxd4 Bxd5 29. exd5 Ra2 30. Bf3 Qf6 31. Rce1 Nxf3+ 32. Rxf3 Qxd4+ 0-1

[Event "Early-Titled-Tuesday-Blitz-September-26-2023"]
[Site "Chess.com"]
[Date "2023.09.26"]
[Round "6"]
[White "GianmarcoVaR"]
[Black "MikeSailer"]
[Result "1-0"]
[WhiteElo "2612"]
[BlackElo "2225"]
[TimeControl "180+1"]
[EndTime "9:07:15 PDT"]
[Termination "GianmarcoVaR won by resignation"]

1. e4 d5 2. exd5 Qxd5 3. d4 Nc6 4. Be3 Nf6 5. Nc3 Qa5 6. Bc4 Bf5 7. Nf3 O-O-O 8. Qe2 Ne4 9. O-O Nxc3 10. bxc3 Qxc3 11.
Rfc1 e6 12. Rab1 Ba3 13. Rb3 Qa5 14. Rcb1 b6 15. Bd2 Qa4 16. Bb5 Qxb5 17. Qxb5 Bxc2 18. Qxc6 Bxb1 19. Rxa3 1-0

[Event "Early-Titled-Tuesday-Blitz-September-26-2023"]
[Site "Chess.com"]
[Date "2023.09.26"]
[Round "6"]
[White "Eloist"]
[Black "esrosenberg"]
[Result "0-1"]
[WhiteElo "2481"]
[BlackElo "2361"]
[TimeControl "180+1"]
[EndTime "9:07:16 PDT"]
[Termination "esrosenberg won by resignation"]

1. e4 e5 2. Bc4 Nf6 3. d3 c6 4. Nf3 d5 5. Bb3 Bd6 6. Nc3 O-O 7. exd5 cxd5 8. Bxd5 Nxd5 9. Nxd5 Bg4 10. h3 Bh5 11. g4 Bg6 12. Nc3 Nc6 13. Bg5 f6 14.
Be3 f5 15. Bg5 Qb6 16. Rb1 Bc5 17. Qd2 fxg4 18. Na4 Bxf2+ 19. Qxf2 Qxf2+ 20. Kxf2 Rxf3+ 21. Kg2 Raf8 22. hxg4 Rf2+ 23. Kg1 Rxc2 24. Rh2 Bxd3 25. Rxc2 Bxc2 0-1

[Event "Early-Titled-Tuesday-Blitz-September-26-2023"]
[Site "Chess.com"]
[Date "2023.09.26"]
[Round "6"]
[White "ContrVersia"]
[Black "GradualismUnleashed"]
[Result "1-0"]
[WhiteElo "2890"]
[BlackElo "2598"]
[TimeControl "180+1"]
[EndTime "9:07:21 PDT"]
[Termination "ContrVersia won by resignation"]

1. Nf3 d5 2. c4 d4 3. b4 g5 4. Qb3 Bg7 5. Nxg5 e5 6. Qg3 Qe7 7. b5 h6 8. Ne4 f5 9. Ba3 Qf7 10. Nc5 b6 11. Nb3 Bb7 12. d3 Nd7 13. N1d2 Ngf6 14. e3 O-O-O 15. exd4 Rhe8 16. d5 e4 17. d4 Nh5 18. Qc3 e3 19. fxe3 Rxe3+ 20. Qxe3 Re8 21.
Qxe8+ Qxe8+ 22. Kd1 Nf4 23. Kc2 Nf6 24. g3 N4xd5 25. cxd5 Nxd5 26. Bd3 Ne3+ 27. Kb2 Bxh1 28. Rxh1 Qd7 29. Kb1 Bxd4 30. Rc1 Nd5 31. Nxd4 Ne3 32. Bb2 Kb8 33. Nc4 Nxc4 34. Rxc4 Qe7 35. Nc6+ 1-0

[Event "Early-Titled-Tuesday-Blitz-September-26-2023"]
[Site "Chess.com"]
[Date "2023.09.26"]
[Round "6"]
[White "C_K_G"]
[Black "SharapovEvgeny"]
[Result "1/2-1/2"]
[WhiteElo "1921"]
[BlackElo "2595"]
[TimeControl "180+1"]
[EndTime "9:07:21 PDT"]
[Termination "Game drawn by repetition"]

1. e4 c5 2. Nf3 d6 3. d4 cxd4 4.
Nxd4 Nf6 5. Nc3 Nc6 6. Be2 e5 7. Nb3 Be7 8. Be3 O-O 9. O-O a5 10. a4 Nb4 11. f4 Bd7 12. f5 Bc6 13. Bf3 Qc7 14. g4 d5 15. exd5 Rfd8 16. g5 Nfxd5 17.
Nxd5 Nxd5 18. Bxd5 Bxd5 19. Qh5 Bxb3 20. cxb3 Bc5 21.
Bxc5 Qxc5+ 22. Rf2 Rd2 23. Rf1 Rad8 24. g6 fxg6 25.
fxg6 hxg6 26. Qxg6 Rxf2 27. Rxf2 Rd1+ 28. Kg2 Qd5+ 29.
Rf3 Rg1+ 30. Kxg1 Qxf3 31. Qe8+ Kh7 32. Qxe5 Qxb3 33. Qh5+ Kg8 34. Qe8+ Kh7 35. Qh5+ Kg8 36. Qe8+ Kh7 37. Qh5+ 1/2-1/2

[Event "Early-Titled-Tuesday-Blitz-September-26-2023"]
[Site "Chess.com"]
[Date "2023.09.26"]
[Round "6"]
[White "TheRigos"]
[Black "Chessbard1972"]
[Result "1-0"]
[WhiteElo "2583"]
[BlackElo "2380"]
[TimeControl "180+1"]
[EndTime "9:07:23 PDT"]
[Termination "TheRigos won by resignation"]

1. Nf3 Nf6 2. g3 g6 3. b3 Bg7 4. Bb2 O-O 5. Bg2 d6 6. d4 e5 7. dxe5 Nfd7 8. c4 Nxe5 9. Qd2 Nbc6 10. O-O Re8 11. Nc3 Nxf3+ 12. exf3 Bf5 13. Nd5 f6 14.
Rfe1 Ne5 15. Re3 c6 16. Nc3 Qd7 17. Rae1 Nf7 18. Ne4 Bxe4 19. fxe4 f5 20. Bxg7 Kxg7 21. Qd4+ Kg8 22. e5 Re6 23. exd6 Rxe3 24. Rxe3 Qxd6 25.
Qxd6 Nxd6 26. c5 Nb5 27. Re7 Rb8 28. Bf1 Nc3 29. Bc4+ Nd5 30. Rd7 b6 31. Bxd5+ cxd5 32. c6 Kf8 33. Rxh7 Kg8 34. c7 Re8 35. Rd7 Re1+ 36.
Kg2 Rc1 37. Rd8+ Kf7 38. c8=Q 1-0

[Event "Early-Titled-Tuesday-Blitz-September-26-2023"]
[Site "Chess.com"]
[Date "2023.09.26"]
[Round "6"]
[White "Saif_Malek04"]
[Black "AnaKuchava"]
[Result "1-0"]
[WhiteElo "2617"]
[BlackElo "2258"]
[TimeControl "180+1"]
[EndTime "9:07:26 PDT"]
[Termination "Saif_Malek04 won on time"]

1. e4 c5 2. Nf3 d6 3. d4 cxd4 4. Nxd4 Nf6 5. Nc3 Nc6 6. Be3 Ng4 7. Qd2 Nxe3 8. Qxe3 g6 9. Nxc6 bxc6 10. Bc4 Bg7 11. Rd1 Qb6 12. Qf3 O-O 13. Bb3 a5 14. O-O Ba6 15. Rfe1 Bd4 16. Rd2 e5 17. Nd1 a4 18.
Bxa4 Bc4 19. Bb3 Bxb3 20. axb3 Ra1 21. c3 Bc5 22. b4 Bxb4 23. cxb4 Qxb4 24. Qe2 Rb8 25.
Nc3 1-0

[Event "Early-Titled-Tuesday-Blitz-September-26-2023"]
[Site "Chess.com"]
[Date "2023.09.26"]
[Round "6"]
[White "attack2mateU"]
[Black "DefiantChair"]
[Result "1-0"]
[WhiteElo "2740"]
[BlackElo "2573"]
[TimeControl "180+1"]
[EndTime "9:07:29 PDT"]
[Termination "attack2mateU won by resignation"]

1. e4 c5 2. Nf3 d6 3. d4 cxd4 4. Nxd4 Nf6 5. Nc3 a6 6. Be3 e5 7. Nb3 Be7 8. h3 h6 9. Qf3 b5 10. O-O-O Bb7 11. Nd5 Nbd7 12. Kb1 Rc8 13. g4 Nxd5 14. exd5 Bg5 15. h4 Bxh4 16. Na5 Qxa5 17. Rxh4 Qc7 18. c3 Nf8 19. g5 Ng6 20. Rh1 hxg5 21.
Rxh8+ Nxh8 22. Bh3 Rd8 23. Bxg5 f6 24. Be6 fxg5 25.
Rh1 Nf7 26. Bxf7+ Qxf7 27. Rh8+ Ke7 28. Qxf7+ Kxf7 29. Rxd8 Bxd5 30. Rxd6 Be4+ 31. Kc1 g4 32. Rxa6 Bd3 33. Kd2 Bc4 34. b3 1-0

[Event "Early-Titled-Tuesday-Blitz-September-26-2023"]
[Site "Chess.com"]
[Date "2023.09.26"]
[Round "6"]
[White "Arteler"]
[Black "KorolDimitriy75"]
[Result "1-0"]
[WhiteElo "2587"]
[BlackElo "2395"]
[TimeControl "180+1"]
[EndTime "9:07:32 PDT"]
[Termination "Arteler won on time"]

1. e4 c5 2. Nf3 d6 3. Bb5+ Nd7 4. O-O Nf6 5. e5 dxe5 6. Nxe5 a6 7. Bxd7+ Nxd7 8. Nf3 e6 9. d4 Be7 10. Be3 Qc7 11.
Nc3 O-O 12. d5 Nf6 13. dxe6 Bxe6 14. Ng5 Bg4 15. Nd5 Nxd5 16. Qxd5 h6 17. Qe4 Bxg5 18. Bxg5 Be6 19. Be3 Rfe8 20. Qf3 Rad8 21. Rfd1 b5 22.
h3 c4 23. a4 Rxd1+ 24. Qxd1 Rd8 25. Qh5 Rd5 26. Qf3 Qe5 27. c3 Qf5 28. Qg3 Qg6 29.
Qxg6 fxg6 30. axb5 axb5 31. Ra7 Bf5 32. Rb7 1-0